 Dungeon Sprint DCSS version bcrawl-1.23 (webtiles) character file.

Game seed: 6019763711813474602

2761 Freyura the Basher (level 9, -11/97 HPs)
             Began as a Naga Sloth Apostle on May 23, 2020.
             Was the Champion of Cheibriados.
             Mangled by a seven-headed hydra (15 damage)
             ... in the Dungeon (Sprint IX: "|||||||||||||||||||||||||||||").
             The game lasted 00:06:34 (980 turns).

Freyura the Basher (Naga Sloth Apostle)              Turns: 980, Time: 00:06:34

Health: -11/97     AC:  9    Str: 31    XL:     9   Next: 69%
Magic:  7/17       EV:  9    Int: 27    God:    Cheibriados [******]
Gold:   0          SH:  0    Dex: 28    Spells: 9/10 levels left

rFire    . . .     SeeInvis +   p - +2 dire flail (protect)
rCold    . . .     Gourm    .   (shield currently unavailable)
rNeg     . . .     Faith    .   b - +0 robe
rPois    +         Spirit   .   (no helmet)
rElec    .         Reflect  .   (no cloak)
rCorr    .         Harm     .   c - +2 pair of gloves
MR       +....     NoTele   +   (no barding)
Stlth    ++++......             (no amulet)
HPRegen  0.26/turn              q - +2 ring of protection
MPRegen  0.15/turn              (no ring)

@: very slow
A: large, see invisible, deformed body, poison resistance, slowness 2, slow
metabolism 1, spit poison 1, AC +3
a: Spit Poison, Bend Time, Temporal Distortion, Slouch, Step From Time, Renounce
Religion


You were in the Dungeon.
You worshipped Cheibriados.
Cheibriados was exalted by your worship.
You were not hungry.

You visited 1 branch

Inventory:

Hand Weapons
 p - a +2 dire flail of protection (weapon)
Armour
 b - a +0 robe (worn)
 c - a +2 pair of gloves (worn)
Jewellery
 q - a +2 ring of protection (left hand)
Wands
 d - a wand of paralysis (10)
 o - a wand of acid (10)
Scrolls
 k - 2 scrolls of blinking
 m - 3 scrolls of remove curse
 n - 2 scrolls of amnesia
 u - 2 scrolls of fog
 v - 2 scrolls of fear
Potions
 a - 2 potions of agility
 f - a potion of invisibility
 g - 2 potions of heal wounds
 i - 4 potions of magic
 l - 5 potions of curing
 r - a potion of might
Miscellaneous
 s - a lamp of fire
Comestibles
 e - 2 rations {!d}


   Skills:
 * Level 11.4 Fighting
 * Level 14.6 Maces & Flails
 - Level 4.8 Stealth
   Level 3.2 Shields
 - Level 1.0 Spellcasting
 - Level 1.0 Hexes
 + Level 11.5 Invocations
 - Level 1.0 Evocations


You had 9 spell levels left.
You knew the following spells:

 Your Spells              Type           Power        Failure   Level  Hunger
a - Slow                  Hex            #.......     7%          1    ##.....
Your spell library was empty.

Dungeon Overview and Level Annotations

Branches:
Dungeon (1/1)

Altars:
Cheibriados
Dithmenos
Elyvilon
Fedhas
Gozag
Hepliaklqana
Kikubaaqudgha
Lugonu
Makhleb
Nemelex Xobeh
Okawaru
Qazlal
Ru
Sif Muna
Trog
Uskayaw
Vehumet
Wu Jian
Xom
Yredelemnul
Zin
The Shining One
Beogh
Jiyva


Innate Abilities, Weirdness & Mutations

You cannot wear boots.
Your serpentine skin is tough. (AC +3)
You have supernaturally acute eyesight. (SInv)
Armour fits poorly on your strangely shaped body.
Your system is resistant to poisons. (rPois)
You cover ground very slowly.
You have a slow metabolism.
You can spit poison.


Message History

Cheibriados thoroughly appreciates the change of pace.
You kill the bullfrog!
Cheibriados thoroughly appreciates the change of pace.
You feel somewhat more hungry. The seven-headed hydra bites you!
The seven-headed hydra bites you. x2
The seven-headed hydra bites you but does no damage.
The seven-headed hydra bites you. The seven-headed hydra bites you!
* * * LOW HITPOINT WARNING * * *
The seven-headed hydra bites you.
* * * LOW HITPOINT WARNING * * *
You can feel time thicken for a moment.
You kill the basilisk!
Cheibriados thoroughly appreciates the change of pace.
Your Fighting skill increases to level 11!
You kill the cane toad!
Cheibriados appreciates the change of pace.
You feel somewhat more hungry. The seven-headed hydra bites you!
* * * LOW HITPOINT WARNING * * *
The seven-headed hydra bites you!
You die...

▓(▓.▓.▓
▓.▓.▓.▓
▓.▓.▓.▓
▓.▓.▓'▓
▓.▓.▓_▓
▓.▓.▓_▓
▓.▓.▓_▓
▓!▓.▓_▓
▓@▓.▓_▓
▓D▓.▓_▓
▓.▓.▓_▓
▓†▓.▓_▓
▓.▓.▓_▓
▓D▓.▓_▓
▓l▓.▓_▓
▓.▓.▓_▓
▓.▓_▓


You could see an eight-headed hydra (wandering), a seven-headed hydra and a
basilisk.

Vanquished Creatures
  A two-headed ogre (D)
  A cyclops (D)
  A wolf spider (D)
  A cane toad (D)
  A hippogriff (D)
  A shadow (D)
  A basilisk (D)
  An acid dragon (D)
  A water moccasin (D)
  An ogre (D)
  A wolf (D)
  A bullfrog (D)
  A hound (D)
  An orc wizard (D)
  2 worker ants (D)
  A leopard gecko (D)
  3 orcs (D)
  2 bats (D)
  A bat skeleton (D)
  2 goblins (D)
  A giant cockroach simulacrum (D)
  A jackal zombie (D)
27 creatures vanquished.

Notes
Turn   | Place    | Note
-------+----------+-------------------------------------------
     0 | D        | Freyura the Naga Sloth Apostle began the quest for the Orb.
     0 | D        | Reached XP level 1. HP: 19/19 MP: 2/2
    15 | D        | Reached * piety under Cheibriados
    15 | D        | Reached skill level 1 in Invocations
    19 | D        | Reached ** piety under Cheibriados
    19 | D        | Reached skill level 3 in Maces & Flails
    20 | D        | Reached XP level 2. HP: 3/27 MP: 3/3
   288 | D        | Reached *** piety under Cheibriados
   288 | D        | Reached skill level 4 in Maces & Flails
   288 | D        | Reached XP level 3. HP: 29/34 MP: 3/5
   301 | D        | HP: 1/34 [worker ant (4)]
   303 | D        | Reached **** piety under Cheibriados
   303 | D        | Reached skill level 5 in Maces & Flails
   303 | D        | Reached XP level 4. HP: 18/44 MP: 4/6
   323 | D        | Found a roughly hewn altar of Beogh.
   323 | D        | Found a snail-covered altar of Cheibriados.
   323 | D        | Found a shadowy altar of Dithmenos.
   323 | D        | Found a white marble altar of Elyvilon.
   323 | D        | Found a blossoming altar of Fedhas.
   323 | D        | Found an opulent altar of Gozag.
   324 | D        | Found a hazy altar of Hepliaklqana.
   325 | D        | Found a viscous altar of Jiyva.
   326 | D        | Found an ancient bone altar of Kikubaaqudgha.
   327 | D        | Found a corrupted altar of Lugonu.
   328 | D        | Found a burning altar of Makhleb.
   329 | D        | Found a sparkling altar of Nemelex Xobeh.
   330 | D        | Found an iron altar of Okawaru.
   331 | D        | Found a stormy altar of Qazlal.
   332 | D        | Found a sacrificial altar of Ru.
   333 | D        | Found a shimmering blue altar of Sif Muna.
   334 | D        | Found a bloodstained altar of Trog.
   335 | D        | Found a hide-covered altar of Uskayaw.
   336 | D        | Found a radiant altar of Vehumet.
   337 | D        | Found an ornate altar of the Wu Jian Council.
   338 | D        | Found a shimmering altar of Xom.
   339 | D        | Found a basalt altar of Yredelemnul.
   340 | D        | Found a glowing silver altar of Zin.
   341 | D        | Found a glowing golden altar of the Shining One.
   432 | D        | Noticed a hippogriff
   432 | D        | Noticed an ogre
   432 | D        | Noticed a shadow
   439 | D        | Killed a hippogriff
   439 | D        | Reached skill level 8 in Maces & Flails
   439 | D        | Reached XP level 5. HP: 43/55 MP: 6/9
   439 | D        | Reached XP level 6. HP: 49/62 MP: 6/10
   452 | D        | Reached ***** piety under Cheibriados
   452 | D        | Reached skill level 9 in Maces & Flails
   458 | D        | Killed a shadow
   458 | D        | Reached skill level 10 in Maces & Flails
   458 | D        | Reached XP level 7. HP: 38/72 MP: 8/12
   614 | D        | Noticed a two-headed ogre
   614 | D        | Noticed a cyclops
   614 | D        | Noticed a wolf spider
   615 | D        | Reached ****** piety under Cheibriados
   615 | D        | Reached skill level 11 in Maces & Flails
   616 | D        | Killed a two-headed ogre
   616 | D        | Reached skill level 12 in Maces & Flails
   616 | D        | Reached XP level 8. HP: 78/85 MP: 7/15
   616 | D        | Killed a wolf spider
   616 | D        | Reached skill level 13 in Maces & Flails
   616 | D        | Reached skill level 10 in Invocations
   616 | D        | Reached XP level 9. HP: 85/93 MP: 7/16
   619 | D        | Killed a cyclops
   619 | D        | Reached skill level 10 in Fighting
   977 | D        | Noticed a seven-headed hydra
   977 | D        | Noticed a cane toad
   979 | D        | Noticed an eight-headed hydra
   979 | D        | Reached skill level 14 in Maces & Flails
   980 | D        | Killed a cane toad
   980 | D        | HP: 4/97 [seven-headed hydra (14)]
   980 | D        | Mangled by a seven-headed hydra

Skill      XL: |  1  2  3  4  5  6  7  8  9 |
---------------+----------------------------+-----
Invocations    | 1 2 3 6 7 9 10 11 | 11.5
Shields        | 2 3 |  3.2
Maces & Flails | 3 4 5 8 10 12 13 14 | 14.6
Fighting       | 3 6 7 9 11 | 11.4
Stealth        | |  4.8
Spellcasting   | |  1.0
Hexes          | |  1.0
Evocations     | |  1.0

Action                   |  1- 3 |  4- 6 |  7- 9 || total
-------------------------+-------+-------+-------++-------
Melee: Mace              |    37 |    13 |       ||    50
       Dire flail        |       |    18 |     5 ||    23
Invok: Slouch            |       |       |     4 ||     4
  Use: Potion            |     1 |     1 |       ||     2
       Scroll            |       |       |     2 ||     2
 Stab: Distracted        |       |     1 |       ||     1
Armor: Robe              |     6 |     8 |     2 ||    16
Dodge: Dodged            |    12 |    10 |     5 ||    27
Block: Medium shield     |    18 |     5 |       ||    23
